MLB
LOS ANGELES DODGERS @ ARIZONA DIAMONDBACKS
04/30/2018
 
TOP OF THE 1ST
Los Angeles Dodgers batting - Pitching for Arizona Diamondbacks : RHP German Marquez
Pitching: RHP German Marquez
Batting: RHB Mookie Betts 0-0: Called Strike
0-1: Swinging Strike
0-2: Ball
1-2: Fly out, F9 (Flyball, 89M)
Batting: RHB Jose Peraza 0-0: Called Strike
0-1: Ball
1-1: Swinging Strike
1-2: Foul Ball, location: 2F
1-2: Ground out 4-3 (Groundball, 4)
Batting: RHB Josh Donaldson 0-0: Ball
1-0: Ball
2-0: Ground out 4-3 (Groundball, 4)
Top of the 1st over - 0 runs, 0 hits, 0 errors, 0 left on base; Los Angeles 0 - Arizona 0
BOTTOM OF THE 1ST
Arizona Diamondbacks batting - Pitching for Los Angeles Dodgers : RHP Sonny Gray
Pitching: RHP Sonny Gray
Batting: SHB Jed Lowrie 0-0: Foul Ball, location: 2F
0-1: Ball
1-1: Foul Ball, location: 2F
1-2: Ball
2-2: Ball
3-2: Ground out 4-3 (Groundball, 4M)
Batting: SHB Ben Zobrist 0-0: Called Strike
0-1: Called Strike
0-2: Ball
1-2: Foul Ball, location: 2F
1-2: Ball
2-2: Foul Ball, location: 2F
2-2: SINGLE (Line Drive, 8RS)
Batting: RHB Nolan Arenado 0-0: SINGLE (Flyball, 7LM)
Ben Zobrist to second
Batting: RHB Austin Hays 0-0: Called Strike
0-1: Foul Ball, location: 2F
0-2: Strikes out swinging
Batting: LHB Odubel Herrera 0-0: Ball
1-0: Ball
2-0: Fly out, F9 (Line Drive, 9D)
Bottom of the 1st over - 0 runs, 2 hits, 0 errors, 2 left on base; Los Angeles 0 - Arizona 0
TOP OF THE 2ND
Los Angeles Dodgers batting - Pitching for Arizona Diamondbacks : RHP German Marquez
Batting: RHB Randal Grichuk 0-0: Foul Ball, location: 2F
0-1: Fly out, F9 (Flyball, 9)
Batting: SHB Justin Smoak 0-0: Called Strike
0-1: Called Strike
0-2: Strikes out swinging, 2-3 out at first.
Batting: RHB Jonathan Schoop 0-0: Ball
1-0: Bunt for hit - play at first, batter safe!
Batting: LHB Brett Gardner 0-0: Ball
1-0: Foul Ball, location: 2F
1-1: Called Strike
1-2: Ball
2-2: Strikes out looking
Top of the 2nd over - 0 runs, 1 hit, 0 errors, 1 left on base; Los Angeles 0 - Arizona 0
BOTTOM OF THE 2ND
Arizona Diamondbacks batting - Pitching for Los Angeles Dodgers : RHP Sonny Gray
Batting: RHB Christian Walker 0-0: Foul Ball, location: 2F
0-1: Ball
1-1: Ball
2-1: Swinging Strike
2-2: Strikes out swinging
Batting: SHB Ketel Marte 0-0: Called Strike
0-1: Ball
1-1: Ball
2-1: Swinging Strike
2-2: Foul Ball, location: 2F
2-2: Strikes out looking
Batting: RHB Brian Serven 0-0: Ball
1-0: Called Strike
1-1: Ball
2-1: Swinging Strike
2-2: Foul Ball, location: 2F
2-2: Foul Ball, location: 2F
2-2: Ball
3-2: Foul Ball, location: 2F
3-2: Foul Ball, location: 2F
3-2: Foul Ball, location: 2F
3-2: Fly out, F9 (Line Drive, 9D)
Bottom of the 2nd over - 0 runs, 0 hits, 0 errors, 0 left on base; Los Angeles 0 - Arizona 0
TOP OF THE 3RD
Los Angeles Dodgers batting - Pitching for Arizona Diamondbacks : RHP German Marquez
Batting: LHB Tony Wolters 0-0: Called Strike
0-1: Ball
1-1: Ground out 4-3 (Groundball, 4)
Batting: RHB Sonny Gray 0-0: Ball
1-0: Ball
2-0: Fly out, F8 (Flyball, 8RS)
Batting: RHB Mookie Betts 0-0: Ball
1-0: Ball
2-0: DOUBLE (Line Drive, 78D)
Batting: RHB Jose Peraza 0-0: Called Strike
0-1: Ball
1-1: Ground out 6-3 (Groundball, 6)
Top of the 3rd over - 0 runs, 1 hit, 0 errors, 1 left on base; Los Angeles 0 - Arizona 0
BOTTOM OF THE 3RD
Arizona Diamondbacks batting - Pitching for Los Angeles Dodgers : RHP Sonny Gray
Batting: RHB German Marquez 0-0: Called Strike
0-1: Foul Ball, location: 2F
0-2: Ball
1-2: Ground out 1-3 (Groundball, 15S)
Batting: SHB Jed Lowrie 0-0: Called Strike
0-1: Ball
1-1: Ball
2-1: Called Strike
2-2: Foul Ball, location: 2F
2-2: Strikes out looking
Batting: SHB Ben Zobrist 0-0: Ball
1-0: Fly out, F9 (Line Drive, 9)
Bottom of the 3rd over - 0 runs, 0 hits, 0 errors, 0 left on base; Los Angeles 0 - Arizona 0
TOP OF THE 4TH
Los Angeles Dodgers batting - Pitching for Arizona Diamondbacks : RHP German Marquez
Batting: RHB Josh Donaldson 0-0: Foul Ball, location: 2F
0-1: Ball
1-1: Ball
2-1: Called Strike
2-2: Foul Ball, location: 2F
2-2: Foul Ball, location: 2F
2-2: Foul Ball, location: 2F
2-2: Ground out 5-3 (Groundball, 56)
Batting: RHB Randal Grichuk 0-0: Swinging Strike
0-1: Foul Ball, location: 2F
0-2: Ball
1-2: Ball
2-2: Foul Ball, location: 2F
2-2: Strikes out looking
Batting: SHB Justin Smoak 0-0: Called Strike
0-1: SINGLE (Groundball, 56S) (infield hit)
Batting: RHB Jonathan Schoop 0-0: DOUBLE (Flyball, 78D)
Justin Smoak to third
Runner from 3rd tries for Home, throw and OUT!
Top of the 4th over - 0 runs, 2 hits, 0 errors, 1 left on base; Los Angeles 0 - Arizona 0
BOTTOM OF THE 4TH
Arizona Diamondbacks batting - Pitching for Los Angeles Dodgers : RHP Sonny Gray
Batting: RHB Nolan Arenado 0-0: Fly out, F7 (Flyball, 7S)
Batting: RHB Austin Hays 0-0: Called Strike
0-1: Fly out, F9 (Flyball, 9LM)
Batting: LHB Odubel Herrera 0-0: SINGLE (Flyball, 78M)
Batting: RHB Christian Walker 0-0: Ball
1-0: Called Strike
1-1: Foul Ball, location: 2F
1-2: Strikes out swinging, 2-3 out at first.
Bottom of the 4th over - 0 runs, 1 hit, 0 errors, 1 left on base; Los Angeles 0 - Arizona 0
TOP OF THE 5TH
Los Angeles Dodgers batting - Pitching for Arizona Diamondbacks : RHP German Marquez
Batting: LHB Brett Gardner 0-0: Bunt for hit - play at first, batter OUT! 1-3
Batting: LHB Tony Wolters 0-0: Ball
1-0: Bunt for hit - play at first, batter OUT! 5-3
Batting: RHB Sonny Gray 0-0: Foul Ball, location: 2F
0-1: Swinging Strike
0-2: Ball
1-2: Ball
2-2: Foul Ball, location: 2F
2-2: DOUBLE (Line Drive, 9LS)
Batting: RHB Mookie Betts 0-0: Called Strike
0-1: Called Strike
0-2: Ground out 5-3 (Groundball, 5)
Top of the 5th over - 0 runs, 1 hit, 0 errors, 1 left on base; Los Angeles 0 - Arizona 0
BOTTOM OF THE 5TH
Arizona Diamondbacks batting - Pitching for Los Angeles Dodgers : RHP Sonny Gray
Batting: SHB Ketel Marte 0-0: Foul Ball, location: 2F
0-1: DOUBLE (Line Drive, 7LD)
Batting: RHB Brian Serven 0-0: Called Strike
0-1: Ball
1-1: Called Strike
1-2: Foul Ball, location: 2F
1-2: Ball
2-2: Foul Ball, location: 2F
2-2: Foul Ball, location: 2F
2-2: Strikes out swinging
Batting: RHB German Marquez 0-0: Foul Ball, location: 2F
0-1: Called Strike
0-2: Foul Ball, location: 2F
0-2: Ball
1-2: Foul Ball, location: 2F
1-2: Ball
2-2: Ground out U3 (Groundball, 34)
Ketel Marte to third
Batting: SHB Jed Lowrie 0-0: Ball
1-0: Foul Ball, location: 2F
1-1: Foul Ball, location: 2F
1-2: Ball
2-2: SINGLE (Line Drive, 7LS)
Ketel Marte scores
Batting: SHB Ben Zobrist 0-0: Foul Ball, location: 2F
0-1: Ball
1-1: Fly out, F8 (Flyball, 89M)
Bottom of the 5th over - 1 run, 2 hits, 0 errors, 1 left on base; Los Angeles 0 - Arizona 1
TOP OF THE 6TH
Los Angeles Dodgers batting - Pitching for Arizona Diamondbacks : RHP German Marquez
Batting: RHB Jose Peraza 0-0: Ground out 4-3 (Groundball, 4M)
Batting: RHB Josh Donaldson 0-0: Ball
1-0: Foul Ball, location: 2F
1-1: Called Strike
1-2: Foul Ball, location: 2F
1-2: Ball
2-2: SOLO HOME RUN (Flyball, 7LD), Distance : 378 ft
Batting: RHB Randal Grichuk 0-0: Ball
1-0: Ball
2-0: SOLO HOME RUN (Flyball, 7D), Distance : 389 ft
Batting: SHB Justin Smoak 0-0: Called Strike
0-1: Ball
1-1: Ball
2-1: Foul Ball, location: 2F
2-2: Ball
3-2: Foul Ball, location: 2F
3-2: Strikes out swinging
Batting: RHB Jonathan Schoop 0-0: Called Strike
0-1: Ball
1-1: Called Strike
1-2: SINGLE (Line Drive, 6M)
Batting: LHB Brett Gardner 0-0: Called Strike
Pickoff Throw to First - Error! E1
Jonathan Schoop to second
0-1: Ball
1-1: Called Strike
1-2: Foul Ball, location: 2F
1-2: Ball
2-2: Foul Ball, location: 2F
2-2: Ball
3-2: Fly out, F8 (Flyball, 8LM)
Top of the 6th over - 2 runs, 3 hits, 1 error, 1 left on base; Los Angeles 2 - Arizona 1
BOTTOM OF THE 6TH
Arizona Diamondbacks batting - Pitching for Los Angeles Dodgers : RHP Sonny Gray
Batting: RHB Nolan Arenado 0-0: Swinging Strike
0-1: Ball
1-1: SINGLE (Flyball, 7S)
Batting: RHB Austin Hays 0-0: Ball
1-0: Called Strike
1-1: Fly out, F8 (Flyball, 8RXD)
Batting: LHB Odubel Herrera 0-0: Ball
1-0: Ball
2-0: SINGLE (Groundball, 56D)
Nolan Arenado to second
Batting: RHB Christian Walker 0-0: Ball
1-0: Called Strike
1-1: Ball
2-1: Called Strike
2-2: Foul Ball, location: 2F
2-2: Strikes out swinging
Pitching: RHP Scott Oberg
Now at 2B: Wilmer Difo
Batting: SHB Ketel Marte 0-0: Ground out U3 (Groundball, 3)
Bottom of the 6th over - 0 runs, 2 hits, 0 errors, 2 left on base; Los Angeles 2 - Arizona 1
TOP OF THE 7TH
Los Angeles Dodgers batting - Pitching for Arizona Diamondbacks : RHP German Marquez
Pitching: LHP Joe Thatcher
Batting: LHB Tony Wolters 0-0: Ball
1-0: Swinging Strike
1-1: Swinging Strike
1-2: Strikes out swinging
Batting: SHB Wilmer Difo 0-0: Foul Ball, location: 2F
0-1: Ball
1-1: Foul Ball, location: 2F
1-2: SINGLE (Line Drive, 5D)
Batting: RHB Mookie Betts 0-0: Ball
1-0: Ball
2-0: Fly out, F7 (Flyball, 7S)
Batting: RHB Jose Peraza 0-0: Ball
Wilmer Difo steals 2nd base
1-0: Called Strike
1-1: Foul Ball, location: 2F
1-2: Foul Ball, location: 2F
1-2: Ground out 6-3 (Groundball, 6)
Top of the 7th over - 0 runs, 1 hit, 0 errors, 1 left on base; Los Angeles 2 - Arizona 1
BOTTOM OF THE 7TH
Arizona Diamondbacks batting - Pitching for Los Angeles Dodgers : RHP Scott Oberg
Batting: RHB Brian Serven 0-0: Ball
1-0: Swinging Strike
1-1: Ball
2-1: Fly out, F9 (Flyball, 9)
Pinch Hitting: SHB Jhoan Urena 0-0: Ball
1-0: Foul Ball, location: 2F
1-1: Called Strike
1-2: Ground out 6-3 (Groundball, 6MS)
Batting: SHB Jed Lowrie 0-0: Ball
1-0: Foul Ball, location: 2F
1-1: Ball
2-1: Ball
3-1: Foul Ball, location: 2F
3-2: Foul Ball, location: 2F
3-2: Foul Ball, location: 2F
3-2: Base on Balls
Batting: SHB Ben Zobrist 0-0: Foul Ball, location: 2F
0-1: Called Strike
0-2: Ball
1-2: Foul Ball, location: 2F
1-2: Ball
2-2: Foul Ball, location: 2F
2-2: Ground out 4-3 (Groundball, 4)
Bottom of the 7th over - 0 runs, 0 hits, 0 errors, 1 left on base; Los Angeles 2 - Arizona 1
TOP OF THE 8TH
Los Angeles Dodgers batting - Pitching for Arizona Diamondbacks : LHP Joe Thatcher
Pitching: RHP Jhoulys Chacin
Batting: RHB Josh Donaldson 0-0: Swinging Strike
0-1: Ball
1-1: Called Strike
1-2: Strikes out swinging
Batting: RHB Randal Grichuk 0-0: Foul Ball, location: 2F
0-1: Ball
1-1: Called Strike
1-2: Ball
2-2: Strikes out swinging
Batting: SHB Justin Smoak 0-0: Ball
1-0: Foul Ball, location: 2F
1-1: Called Strike
1-2: Foul Ball, location: 2F
1-2: Ball
2-2: Ground out 4-3 (Groundball, 34)
Top of the 8th over - 0 runs, 0 hits, 0 errors, 0 left on base; Los Angeles 2 - Arizona 1
BOTTOM OF THE 8TH
Arizona Diamondbacks batting - Pitching for Los Angeles Dodgers : RHP Scott Oberg
Pitching: RHP Phil Maton
Batting: RHB Nolan Arenado 0-0: Ball
1-0: Ball
2-0: Foul Ball, location: 2F
2-1: Called Strike
2-2: Ball
3-2: Foul Ball, location: 2F
3-2: Ground out 4-3 (Groundball, 6MD)
Batting: RHB Austin Hays 0-0: Ball
1-0: Ball
2-0: Ball
3-0: Base on Balls
Pitching: LHP Sam Freeman
Batting: LHB Odubel Herrera 0-0: Ball
1-0: Foul Ball, location: 2F
1-1: Foul Ball, location: 2F
1-2: Foul Ball, location: 2F
1-2: DOUBLE (Line Drive, 7D)
Austin Hays to third
Batting: RHB Christian Walker 0-0: Foul Ball, location: 2F
0-1: Ball
1-1: Called Strike
1-2: Ground out 5-3 (Groundball, 5S)
Batting: SHB Ketel Marte 0-0: Called Strike
0-1: Foul Ball, location: 2F
0-2: Ball
1-2: Ball
2-2: Ground out 6-3 (Groundball, 6)
Bottom of the 8th over - 0 runs, 1 hit, 0 errors, 2 left on base; Los Angeles 2 - Arizona 1
TOP OF THE 9TH
Los Angeles Dodgers batting - Pitching for Arizona Diamondbacks : RHP Jhoulys Chacin
Pinch Hitting: LHB Brian Goodwin 0-0: Ball
1-0: Ball
2-0: Swinging Strike
2-1: Foul Ball, location: 2F
2-2: Foul Ball, location: 2F
2-2: Foul Ball, location: 2F
2-2: Strikes out swinging
Pitching: LHP Dan Jennings
Batting: LHB Brett Gardner 0-0: Called Strike
0-1: Ball
1-1: Ball
2-1: Ball
3-1: Ground out 4-3 (Groundball, 4)
Batting: LHB Tony Wolters 0-0: Ball
1-0: Ground out 5-3 (Groundball, 56)
Top of the 9th over - 0 runs, 0 hits, 0 errors, 0 left on base; Los Angeles 2 - Arizona 1
BOTTOM OF THE 9TH
Arizona Diamondbacks batting - Pitching for Los Angeles Dodgers : LHP Sam Freeman
Pitching: RHP Cody Allen
Pinch Hitting: RHB Tim Beckham 0-0: Ball
1-0: Called Strike
1-1: Ball
2-1: Ball
3-1: Foul Ball, location: 2F
3-2: Strikes out looking
Pinch Hitting: RHB Kevin Krause 0-0: Called Strike
0-1: Swinging Strike
0-2: Ball
1-2: Ball
2-2: Fly out, F8 (Flyball, 8RM)
Batting: SHB Jed Lowrie 0-0: Fly out, F8 (Flyball, 8RXD)
Bottom of the 9th over - 0 runs, 0 hits, 0 errors, 0 left on base; Los Angeles 2 - Arizona 1
Thursday, June 21st, 2018 - OOTP Baseball 19.6 Build 53